 Dungeon Crawl Stone Soup version 0.29.1-2-gbd0b4ee654 (webtiles) character file.

Game seed: 16194031801919623370

213 qeuew the Trooper (level 5, -1/42 HPs)
             Began as a Demonspawn Abyssal Knight on Nov 2, 2022.
             Was a Believer of Lugonu.
             Slain by a gnoll
             ... wielding a +0 spear
              (4 damage)
             ... on level 3 of the Dungeon.
             The game lasted 00:06:14 (2241 turns).

qeuew the Trooper (Demonspawn Abyssal Knight)       Turns: 2241, Time: 00:06:15

Health: -1/42      AC:  7    Str: 13    XL:     5   Next: 59%
Magic:  6/6        EV: 12    Int: 11    God:    Lugonu [**....]
Gold:   143        SH:  0    Dex: 22    Spells: 4/4 levels left

rFire   . . .      SeeInvis .   a - +1 falchion
rCold   . . .      Faith    .   (no shield)
rNeg    . . .      Spirit   .   k - +0 troll leather armour {Pargi}
rPois   .          Reflect  .   (helmet restricted)
rElec   .          Harm     .   (no cloak)
rCorr   .          Rampage  .   (no gloves)
Will    .....                   e - +1 pair of boots
Stlth   ++........              (no amulet)
HPRegen 0.94/turn               j - +6 ring of dexterity
MPRegen 0.10/turn               (no ring)

@: no status effects
A: antennae 1, foul stench 1, sharp scales 1
a: Renounce Religion, Depart the Abyss, Bend Space


You were on level 3 of the Dungeon.
You worshipped Lugonu.
Lugonu was pleased with you.
You visited 1 branch of the dungeon, and saw 3 of its levels.
You visited the Abyss 1 time.
You also visited: Sewer.

You collected 143 gold pieces.

Inventory:

Hand Weapons
 a - a +1 falchion (weapon)
Armour
 e - a +1 pair of boots (worn)
 k - a +0 troll leather armour (worn) {Pargi}
Jewellery
 j - a +6 ring of dexterity (left hand)
Wands
 i - a wand of polymorph (8)
Scrolls
 b - a scroll of butterflies
 f - a scroll of teleportation
Potions
 c - 2 potions of haste
 d - a potion of ambrosia
 g - a potion of resistance
 l - a potion of magic


   Skills:
 + Level 4.2 Fighting
 + Level 3.6 Long Blades
 + Level 2.6 Armour
 + Level 1.6 Dodging
 + Level 1.0 Stealth
 + Level 2.4 Invocations


You had 4 spell levels left.
You didn't know any spells.
Your spell library contained the following spells:

 Spells                   Type           Power      Damage    Failure   Level
 Necrotise                Necr           0%         1d4       41%         1
 Vampiric Draining        Necr           0%         2d6       80%         3
 Agony                    Necr           0%         N/A       100%        5


Dungeon Overview and Level Annotations

Branches:
Dungeon (3/15)              Sewer (visited)

Altars:
Gozag

Shops:
D:1 [

Annotations:
D:3 1 runed translucent door, zeram's ghost, amateur SpFi


Innate Abilities, Weirdness & Mutations

You have a pair of small antennae on your head.
You may rarely emit foul miasma when damaged in melee.
You are partially covered in razor-sharp scales. (AC +1, Slay +1)


Message History

There is a stone staircase leading down here.
You start resting.
Your transformation is almost over.
You feel less porcine.
Your +1 falchion unmelds from your body.
Your +1 pair of boots unmelds from your body.
Your +0 troll leather armour {Pargi} unmelds from your body.
Your +6 ring of dexterity unmelds from your body.
You feel agile.
You start resting.
HP restored.
You climb downwards.
Level annotation: 1 runed translucent door, zeram's ghost, amateur SpFi
There is a stone staircase leading up, spattered with blood here.
The ogre closely misses you.
Things that are here:
a worm corpse; a rat corpse You hit the ogre.
The ogre is lightly wounded.
The ogre hits you with a +0 giant club!
You hit the ogre.
The ogre is moderately wounded.
The ogre misses you.
You hit the ogre.
The ogre is heavily wounded.
You barely miss the ogre.
The ogre is heavily wounded.
The ogre hits you with a +0 giant club!!
The gnoll hits you from afar with a +0 spear.
The gnoll hits you but does no damage.
You hit the ogre.
The ogre is heavily wounded.
The gnoll closely misses you. The ogre hits you with a +0 giant club!
* * * LOW HITPOINT WARNING * * *
The gnoll hits you from afar with a +0 spear.
* * * LOW HITPOINT WARNING * * *
You completely miss the ogre.
The ogre is heavily wounded.
The gnoll hits you from afar with a +0 spear.
You die...

# #~BS##..######## #.# .
#~~r#......# #.# #.# ## .
#~~~#...##.###### #.#
##.## #. #~B~##.###.#..
...#.###...## #. #~~~##.
#.#.# #.#.##.....###. #.
#.#.# #.............. #.
#.#.# #.#$##.....# #.
#.###.#.####.#.###...####.
#....<.gO@<†.#.##.........
#.....#g######.##.#######.
#.####.gg# #.##.# #. ..
##.#w#r####.##.# #. ##
#...>.@g.##.##.# #.
#..#.#.#.##...:# #.
...#......S..##.# #.
.#####.?#.$~#..#.# #.
#.(.~~~~~..).# #.


You could see an ogre and 2 gnolls.

Vanquished Creatures
  Pargi (Sewer)
  A jelly (D:3)
  Jessica (D:2)
  A gnoll (D:2)
  2 adders (D:3)
  2 worms (D:3)
  A dart slug (D:2)
  A ball python (D:3)
  2 endoplasms
  2 giant cockroaches
  3 goblins
  A hobgoblin (D:1)
  3 jackals (D:1)
  A quokka (D:1)
  A bat (D:3)
  2 frilled lizards (D:1)
  6 kobolds
  3 rats
34 creatures vanquished.

Vanquished Creatures (others)
  4 toadstools (D:1)
4 creatures vanquished.

Grand Total: 38 creatures vanquished

Notes
Turn   | Place    | Note
-------+----------+-------------------------------------------
     0 | Abyss:1  | qeuew the Demonspawn Abyssal Knight began the quest for the
                  | Orb.
     0 | Abyss:1  | Reached XP level 1. HP: 18/18 MP: 2/2
     1 | D:1      | Escaped the Abyss
   417 | D:1      | Found a faded altar of an unknown god.
   588 | D:1      | Gained mutation: You are partially covered in razor-sharp
                  | scales. (AC +1, Slay +1) [demonic ancestry]
   588 | D:1      | Reached XP level 2. HP: 23/24 MP: 3/3
   631 | D:1      | Found Wetopora's Armour Shop.
  1074 | D:2      | Found an opulent altar of Gozag.
  1397 | D:3      | Reached skill level 1 in Dodging
  1397 | D:3      | Gained mutation: You may rarely emit foul miasma when
                  | damaged in melee. [demonic ancestry]
  1397 | D:3      | Reached XP level 3. HP: 21/30 MP: 4/4
  1447 | D:3      | Noticed Jessica
  1455 | D:3      | Noticed an ogre
  1458 | D:3      | Found a glowing drain.
  1491 | D:3      | Reached skill level 4 in Fighting
  1501 | Sewer    | Entered a sewer
  1740 | Sewer    | Noticed Pargi
  1752 | Sewer    | Killed Pargi
  1753 | Sewer    | Gained mutation: You have a pair of small antennae on your
                  | head. [demonic ancestry]
  1753 | Sewer    | Reached XP level 4. HP: 20/37 MP: 5/5
  1753 | Sewer    | Reached XP level 5. HP: 22/42 MP: 6/6
  2120 | D:3      | Found a runed translucent door.
  2124 | D:3      | Noticed zeram's ghost (amateur SpFi)
  2202 | D:2      | Killed Jessica
  2203 | D:2      | Reached skill level 1 in Stealth
  2240 | D:3      | HP: 2/42 [gnoll/+0 spear (5)]
  2241 | D:3      | Slain by a gnoll

Illustrated notes

Levels and vault maps discovered:
D:1:      ldierk_water_garden, layout_loops_cross, serial_shops, shop,
          shapermc_ecumenical_altar_flowoftime
D:2:      layout_basic, serial_aquarium, aquarium_bridge_square
          [aquarium_subvault_balcony, aquarium_subvault_wall,
          aquarium_subvault_bridge, aquarium_subvault_bridge],
          aquarium_window_fake, aquarium_window_fake,
          aquarium_window_corridor_1, aquarium_window_fake, aquarium_view_2b,
          aquarium_pool_corner, basic_altar, minmay_misc_feat_alley
D:3:      layout_loops_ring, nicolae_tso_swordbearing_angel,
          ebering_ghost_sewer_f, cheibrodos_sewer_entry_drain, minivault_11,
          chequers_serial_rivers_micro_c, uniq_jessica

Skill      XL: |  1  2  3  4  5 |
---------------+----------------+-----
Long Blades    | 2 3 |  3.6
Armour         | 2 |  2.6
Dodging        | 1 |  1.6
Fighting       | 4 |  4.2
Stealth        | 1 |  1.0
Invocations    | |  2.4

Action                   |  1- 3 |  4- 6 || total
-------------------------+-------+-------++-------
Melee: Falchion          |    54 |    41 ||    95
       Punch             |     1 |       ||     1
       Unarmed           |       |     4 ||     4
  Use: Scroll            |     8 |     3 ||    11
       Potion            |     4 |       ||     4
 Stab: Sleeping          |     2 |     2 ||     4
Armor: Leather armour    |    33 |       ||    33
       Troll leather arm |       |    10 ||    10
Dodge: Dodged            |    66 |    35 ||   101
